 Dungeon Crawl Stone Soup version 0.22-a0-322-g60b3cfd (webtiles) character file.

22 Kairos the Skirmisher (level 2, -4/25 HPs)
             Began as a Barachi Fighter on Apr 5, 2018.
             Slain by Sigmund
             ... wielding a +4 scythe of freezing
              (9 damage)
             ... on level 2 of the Dungeon.
             The game lasted 00:02:05 (850 turns).

Kairos the Skirmisher (Barachi Fighter)              Turns: 850, Time: 00:02:06

Health: -4/25      AC:  7    Str: 19 (22) XL:     2   Next: 91%
Magic:  2/2        EV: 18    Int: 11 (13) God:
Gold:   68         SH:  0    Dex: 14 (16) Spells: 1/1 levels left

rFire    + . .     SeeInvis .   a - +0 war axe
rCold    x . .     Gourm    .   c - +0 shield
rNeg     . . .     Faith    .   b - +0 scale mail
rPois    .         Spirit   .   (no helmet)
rElec    .         Reflect  .   (no cloak)
rCorr    .         Harm     .   (no gloves)
MR       .....                  (no boots)
Stlth    ..........             (no amulet)
HPRegen  0.08/turn              e - ring of fire
MPRegen  0.08/turn              m - +6 ring of evasion

@: confused, mighty, brilliant, agile, slow
A: +LOS, swims, slowness 1, strong legs 1
a: Hop


You were on level 2 of the Dungeon.
You were not hungry.

You visited 1 branch of the dungeon, and saw 2 of its levels.

You collected 68 gold pieces.

Inventory:

Hand Weapons
 a - a +0 war axe (weapon)
Armour
 b - a +0 scale mail (worn)
 c - a +0 shield (worn)
Jewellery
 e - a ring of fire (left hand)
 m - a +6 ring of evasion (right hand)
Scrolls
 l - a scroll of teleportation {unknown}
Potions
 j - a potion of brilliance
Comestibles
 f - 9 rations


   Skills:
 + Level 4.0 Fighting
 + Level 2.4 Axes
 + Level 4.0 Armour
 + Level 0.2 Stealth
 + Level 3.6 Shields


You had one spell level left.
You didn't know any spells.

Dungeon Overview and Level Annotations

Branches:
Dungeon (2/15)

Altars:

Annotations:
D:2 Sigmund


Innate Abilities, Weirdness & Mutations

Shadows flee at your approach. (+LOS)
You can swim through water.
You cover ground slowly.
You can hop short distances.


Message History

You block the rat's attack.
You feel very mighty all of a sudden. Sigmund casts a spell at you.
The puff of flame hits you! You resist.
* * * LOW HITPOINT WARNING * * *
The rat barely misses you.
Your shield and scale mail prevent you from hitting Sigmund.
You hit the rat. Sigmund closely misses you. You block the rat's attack.
You completely miss Sigmund. You slash the rat!
You kill the rat!
Sigmund casts a spell at you.
You are confused.
Sigmund hits you with a scythe of freezing.
* * * LOW HITPOINT WARNING * * *
Sigmund freezes you.
* * * LOW HITPOINT WARNING * * *
You slash Sigmund!
Sigmund is heavily wounded.
Sigmund hits you with a scythe of freezing!
You die...

#######. #####.. #......
.. #...... .###......
#+##.....)...
#####+##.##......... ..
#........##.....##+#
.....#..@.....##.....##+#
.......@†.....##...[.....
........##'##.####.......
........ #.##....'.......
.....#####.##.####.......
##...##....#.....#.......
.... ......##>##†#.......
... #........##....####.
.. +.....#..##....####.


You could see Sigmund.

Vanquished Creatures
  3 worms (D:2)
  2 bats
  3 goblins
  A ball python (D:2)
  A frilled lizard (D:1)
  6 rats
16 creatures vanquished.

Notes
Turn   | Place    | Note
-------+----------+-------------------------------------------
     0 | D:1      | Kairos the Barachi Fighter began the quest for the Orb.
     0 | D:1      | Reached XP level 1. HP: 18/18 MP: 1/1
   547 | D:2      | Reached XP level 2. HP: 24/25 MP: 2/2
   822 | D:2      | Found a faded altar of an unknown god.
   833 | D:2      | Noticed Sigmund
   850 | D:2      | Slain by Sigmund

Vault maps used:
D:1:      grunt_arrival_lava_bath, minmay_hedge_maze, minmay_liquid_box,
          minivault_24
D:2:      first_ration, chequers_ecumenical_altar_simple, trog_book,
          uniq_jessica, uniq_sigmund

Skill      XL: |  1  2 |
---------------+-------+-----
Fighting       | 4 |  4.0
Armour         | 4 |  4.0
Axes           | |  2.4
Stealth        | |  0.2
Shields        | |  3.6

Action                   || total
-------------------------++-------
Melee: War axe           ||    50
  Use: Scroll            ||     1
       Potion            ||     5
Armor: Scale mail        ||    17
Dodge: Dodged            ||    22
Block: Shield            ||    21

Table legend:
 A = Spawn XP
 B = Non-spawn XP
 C = Spawn XP percentage of total XP
 D = Spawn monster count
 E = Non-spawn monster count
 F = Spawn count percentage of total count
 G = Total turns spent on level
                    A         B        C        D         E        F      G
               +---------+---------+-------+---------+---------+-------+---------
         Total |       0 |      32 |   0.0 |       0 |      16 |   0.0 |   850
               +---------+---------+-------+---------+---------+-------+---------
           D:1 |       0 |       9 |   0.0 |       0 |       6 |   0.0 |   505
           D:2 |       0 |      23 |   0.0 |       0 |      10 |   0.0 |   345
               +---------+---------+-------+---------+---------+-------+---------
